AoeStats
← Azatapower

Arabia

505980930Analyzed
1v1 RM · 20d ago on Sep 11, 2026· 34m 25s· 2 players
Game mode
Random Map
Map size
Tiny (2 player)
Population
200
Speed
Normal
Resources
Standard
Victory
Conquest
Starting age
Dark Age
Ending age
Imperial Age
RankedLock teamsTeams togetherTeam positionsShared explorationLock speedFull tech treeHidden civsTurbo modeCheats
Victory
Defeat
🇧🇷 Armenians · Brazil
1262
+13
🇺🇸 Goths · United States
1205
-13
Azatapower
7:10 Loom
9:40 Feudal Age
9:44 Man-at-Arms
14:07 Scale Mail Armor
14:52 Long Swordsman
18:07 Double-Bit Axe
18:21 Horse Collar
19:36 Arson
22:47 Castle Age
21:54 Forging
22:03 Gold Mining
22:23 Arson
23:08 Two-Handed Swordsman
24:49 Chain Mail Armor
25:45 Gambesons
26:05 Squires
32:33 Wheelbarrow
31:43 Town Watch
32:16 Heavy Plow
HolyClover81837
6:51 Loom
9:30 Feudal Age
10:14 Double-Bit Axe
10:29 Man-at-Arms
11:49 Horse Collar
22:09 Castle Age
21:53 Scale Mail Armor
24:13 Bow Saw
23:39 Long Swordsman
26:46 Chain Mail Armor
28:05 Forging
Connection lost

Rejoining the realm…

Still unreachable

The connection could not be restored.

Session expired

The server has moved on; the page needs a fresh start.